 Dungeon Crawl Stone Soup version 0.29.0-4-gdea44cf6ec (webtiles) character file.

Game seed: 17370579281733047799

97 Axelsxxd the Insei (level 4, 0/29 HPs)
             Began as an Octopode Transmuter on Aug 27, 2022.
             Slain by a gnoll
             ... wielding a +0 whip
              (7 damage)
             ... on level 3 of the Dungeon.
             The game lasted 00:05:38 (2834 turns).

Axelsxxd the Insei (Octopode Transmuter)            Turns: 2834, Time: 00:05:39

Health: 0/29       AC:  1    Str: 11    XL:     4   Next: 68%
Magic:  6/8        EV: 13    Int: 15    God:
Gold:   102        SH:  0    Dex: 12    Spells: 5/8 levels left

rFire   . . .      SeeInvis .     - Unarmed
rCold   + . .      Faith    .   (no shield)
rNeg    . . .      Spirit   .   (helmet currently unavailable)
rPois   .          Reflect  .   (no amulet)
rElec   .          Harm     .   g - ring of willpower
rCorr   .          Rampage  .   p - ring of protection from cold
Will    +....                   (no ring)
Stlth   ++........              (no ring)
HPRegen 0.09/turn               (no ring)
MPRegen 0.11/turn               (no ring)
                                (no ring)
                                (no ring)

@: appendages (expiring)
A: tentacle spike 3, almost no armour, amphibious, 8 rings, camouflage 1,
gelatinous body 1, (nimble swimmer 1), tentacles
a: End Transformation


You were on level 3 of the Dungeon.
One of your tentacles had grown a beastly spike.
You visited 1 branch of the dungeon, and saw 3 of its levels.

You collected 102 gold pieces.

Inventory:

Jewellery
 g - a ring of willpower (left tentacle)
 j - a ring of ice
 p - a ring of protection from cold (right tentacle)
Scrolls
 b - a scroll of noise {unknown}
 c - a scroll of enchant armour {unknown}
 d - 2 scrolls of amnesia {unknown}
 f - 7 scrolls of identify {unknown}
 i - a scroll of blinking {unknown}
 l - a scroll of enchant weapon {unknown}
 m - a scroll of summoning {unknown}
 n - a scroll of immolation {unknown}
Potions
 a - a potion of lignification
 e - 4 potions of curing {unknown}
 h - a potion of heal wounds {unknown}
 k - a potion of flight {unknown}
 o - a potion of mutation {unknown}
 q - a potion of magic {unknown}


   Skills:
 + Level 2.0 Fighting
 + Level 2.6 Dodging
 + Level 3.5 Unarmed Combat
 + Level 2.6 Spellcasting
 + Level 2.6 Transmutations


You had 5 spell levels left.
You knew the following spells:

 Your Spells              Type           Power      Damage    Failure   Level
a - Beastly Appendage     Tmut           20%        N/A       7%          1
b - Wereblood             Tmut           10%        N/A       11%         2

Your spell library contained the following spells:

 Spells                   Type           Power      Damage    Failure   Level
 Spider Form              Tmut/Pois      6%         N/A       34%         3
 Ice Form                 Ice/Tmut       6%         N/A       75%         4


Dungeon Overview and Level Annotations

Branches:
Dungeon (3/15)

Altars:
Ru


Innate Abilities, Weirdness & Mutations

One of your tentacles has grown a beastly spike.
You cannot wear most types of armour.
You are amphibious.
You can wear up to eight rings at the same time.
Your skin changes colour to match your surroundings (Stealth+).
Your rubbery body absorbs attacks. (AC +1, EV +1)
((You are camouflaged when in or above water. (Stealth+)))
You have tentacles for arms and can constrict up to eight enemies at once.


Message History

The gnoll is heavily wounded.
You constrict the gnoll.
The gnoll hits you from afar with a +0 spear.
The gnoll misses you.
You release your grip on the gnoll.
The gnoll attacks as you move away! The gnoll misses you.
You tentacle-slap the gnoll. Your grab misses the gnoll.
Your tentacle spike misses the gnoll.
The gnoll is almost dead.
The gnoll hits you with a +0 whip.
You barely miss the gnoll. Your grab misses the gnoll.
You pierce the gnoll.
Your squeeze misses the gnoll.
The gnoll is almost dead.
The gnoll closely misses you.
Your magical contamination has completely faded away.
You tentacle-slap the gnoll.
You kill the gnoll!
Your Fighting skill increases to level 2!
The gnoll closely misses you.
You barely miss the gnoll. You grab the gnoll.
Your transformation is almost over.
You constrict the gnoll, but do no damage.
The gnoll hits you with a +0 spear.
You tentacle-slap the gnoll.
You pierce the gnoll.
You squeeze the gnoll, but do no damage.
The gnoll is heavily wounded.
You constrict the gnoll. The gnoll hits you with a +0 spear!
You completely miss the gnoll. You tentacle-slap the gnoll.
You squeeze the gnoll.
You kill the gnoll!
You tentacle-slap the gnoll but do no damage.
You grab the gnoll.
You pierce the gnoll.
You squeeze the gnoll.
The gnoll is severely wounded.
You constrict the gnoll. The gnoll hits you with a +0 whip!
* * * LOW HITPOINT WARNING * * *
You tentacle-slap the gnoll but do no damage.
The gnoll is almost dead.
You constrict the gnoll, but do no damage.
The gnoll hits you with a +0 whip!
You die...

###########.### #.#
#####.............#######.#
#.......#..##.............#
.......#..#.....##.#######
#...####.#.##.###.############
......#....##.# #.............
#...#...###.# #############.
#'###..## #g# #. #...g.## #@#
#. #_....# #.# #. ###...# #.#
#. #.....# #.# ### #. #.....##
#.# ##.###. #'###..# #.#
#..)... #. #..# #.# ##.#### .
g. #..# #.# #.# #.. ##.####.#
#.#


You could see a gnoll.

Vanquished Creatures
  2 gnolls (D:3)
  2 adders
  A worm (D:3)
  A dart slug (D:2)
  4 ball pythons
  3 bats
  4 endoplasms
  A giant cockroach (D:3)
  3 goblins
  4 hobgoblins
  12 jackals
  8 kobolds
  A quokka (D:3)
  2 frilled lizards
  5 rats
53 creatures vanquished.

Notes
Turn   | Place    | Note
-------+----------+-------------------------------------------
     0 | D:1      | Axelsxxd the Octopode Transmuter began the quest for the
                  | Orb.
     0 | D:1      | Reached XP level 1. HP: 13/13 MP: 3/3
   401 | D:1      | Reached XP level 2. HP: 15/18 MP: 3/5
   745 | D:1      | Learned a level 2 spell: Wereblood
   897 | D:1      | Found a faded altar of an unknown god.
  1072 | D:2      | Reached XP level 3. HP: 11/23 MP: 2/6
  2282 | D:3      | Reached XP level 4. HP: 29/29 MP: 4/7
  2785 | D:3      | Found a sacrificial altar of Ru.
  2834 | D:3      | Slain by a gnoll

Illustrated notes

Levels and vault maps discovered:
D:1:      tarquinn_simple_flora_water_d, layout_rooms,
          shapermc_ecumenical_altar_totnotflames
D:2:      layout_basic, moated_statue, chequers_avenue
D:3:      layout_loops_ring, hangedman_ru_absence

Skill      XL: |  1  2  3  4 |
---------------+-------------+-----
Fighting       | 2 |  2.0
Dodging        | |  2.6
Unarmed Combat | |  3.5
Spellcasting   | |  2.6
Transmutations | |  2.6

Action                   |  1- 3 |  4- 6 || total
-------------------------+-------+-------++-------
Melee: Unarmed           |    89 |    35 ||   124
       Constrict         |    27 |     9 ||    36
       Kick              |    26 |    15 ||    41
       Tentacles         |     9 |     5 ||    14
       Punch             |     2 |     2 ||     4
 Cast: Beastly Appendage |    27 |     9 ||    36
       Wereblood         |     2 |     1 ||     3
 Stab: Sleeping          |     4 |       ||     4
       Distracted        |     1 |       ||     1
Armor: Skin              |    10 |     2 ||    12
Dodge: Dodged            |    53 |    21 ||    74
